 Dungeon Crawl Stone Soup version 0.29-a0-1052-g6990b1bffc (webtiles) character file.

Game seed: 14298694757632997217

579 dduke234 the Cudgeller (level 7, -1/64 HPs)
             Began as a Minotaur Monk on Aug 17, 2022.
             Was a High Priest of Jiyva.
             Slain by an orc warrior
             ... wielding a +0 flail
              (10 damage)
             ... on level 5 of the Dungeon.
             The game lasted 00:07:40 (3541 turns).

dduke234 the Cudgeller (Minotaur Monk)              Turns: 3541, Time: 00:07:40

Health: -1/64      AC:  2    Str: 15    XL:     7   Next: 13%
Magic:  6/6        EV: 17    Int: 14    God:    Jiyva [*****.]
Gold:   159        SH:  0    Dex: 14    Spells: 6/6 levels left

rFire   . . .      SeeInvis .   a - +0 mace
rCold   . . .      Faith    +   (no shield)
rNeg    . . .      Spirit   .   b - +0 robe
rPois   .          Reflect  .   (helmet restricted)
rElec   .          Harm     .   (no cloak)
rCorr   +          Rampage  .   (no gloves)
Will    .....                   (no boots)
Stlth   +++.......              i - amulet of faith
HPRegen 1.64/turn               f - +4 ring of evasion
MPRegen 0.55/turn               (no ring)

@: no status effects
A: horns 2, retaliatory headbutt, hooves 1, agile 1, clever 2, translucent skin
1, MP-powered wands
a: Renounce Religion, Oozemancy, Slimify


You were on level 5 of the Dungeon.
You worshipped Jiyva.
Jiyva was extremely pleased with you.
You visited 1 branch of the dungeon, and saw 6 of its levels.

You collected 159 gold pieces.

Inventory:

Hand Weapons
 a - a +0 mace (weapon)
Missiles
 h - a throwing net (quivered)
Armour
 b - a +0 robe (worn)
Jewellery
 f - a +4 ring of evasion (left hand)
 i - an amulet of faith (around neck)
Wands
 e - a wand of polymorph (2)
 j - a wand of paralysis (8)
Potions
 c - a potion of ambrosia
 g - a potion of mutation


   Skills:
 * Level 6.3 Fighting
 * Level 7.7 Maces & Flails
 * Level 3.0 Armour
 - Level 3.2 Dodging
 - Level 1.5 Stealth


You had 6 spell levels left.
You didn't know any spells.
Your spell library contained the following spells:

 Spells                   Type           Power      Damage    Failure   Level
 Slow                     Hex            0%         N/A       28%         1
 Confusing Touch          Hex            0%         N/A       65%         3
 Vampiric Draining        Necr           0%         2d6       65%         3


Dungeon Overview and Level Annotations

Branches:
Dungeon (6/15)
 Temple: D:4-7

Altars:
Trog
Jiyva

Shops:
D:5 (


Innate Abilities, Weirdness & Mutations

You have a pair of horns on your head.
You reflexively headbutt those who attack you in melee.
You have large cloven feet.
You are agile. (Dex +4, Str/Int -1)
Your mind is very acute. (Int +8, Str/Dex -2)
Your translucent skin slightly reduces your foes' accuracy. (Stealth+)
You expend magic power (3 MP) to strengthen your wands.


Message History

You barely miss the orc warrior. Your kick misses the orc warrior.
The orc warrior is moderately wounded.
The orc barely misses you. You furiously retaliate!
You headbutt the orc!
You kill the orc!
The orc warrior hits you with a +0 flail.
You hit the orc warrior but do no damage.
You kick the orc warrior, but do no damage.
The orc warrior is moderately wounded.
The orc warrior misses you.
You barely miss the orc warrior.
You kick the orc warrior, but do no damage.
You headbutt the orc warrior, but do no damage.
The orc warrior is moderately wounded.
The orc warrior hits you with a +0 flail!
You barely miss the orc warrior. Your kick misses the orc warrior.
Your headbutt misses the orc warrior.
The orc warrior is moderately wounded.
The orc warrior misses you. You furiously retaliate!
You headbutt the orc warrior. You barely miss the orc warrior.
Your kick misses the orc warrior.
The orc warrior is heavily wounded.
The orc warrior closely misses you.
You hit the orc warrior but do no damage.
You kick the orc warrior, but do no damage.
You headbutt the orc warrior, but do no damage.
The orc warrior is heavily wounded.
The orc warrior hits you with a +0 flail!
* * * LOW HITPOINT WARNING * * *
You sock the orc warrior!
You kick the orc warrior, but do no damage.
The orc warrior is severely wounded.
The orc warrior hits you with a +0 flail!
* * * LOW HITPOINT WARNING * * *
The orc warrior hits you with a +0 flail.
* * * LOW HITPOINT WARNING * * *
You climb upwards.
Your summoned ally is left behind.
Reactivating autopickup.
There is a stone staircase leading down here.
The orc warrior hits you with a +0 flail!
You die...

#.########...###.# #.#
#.)..............# #.#
##########...##### #∩#
###########J## #.#
............# ##### #.#
###########.# #...#######.# #.#
#...........##
#######.####o.J######...##
#...........@>J..........#
##.#.....####..J######.#..#
##.#..##.........# ###.#J.#
###.###.###.......## #......#
...## ##.##.####.######.#.#.J#
###.###.###.#
#............J####
##.#.#....####..#####.#.#......
##.##.##.......# #.....#####
#.............# ##.#### #


You could see an orc warrior and 3 neutral jellies (fellow slime).

Vanquished Creatures
  A water moccasin (D:5)
  An ogre (D:4)
  A centaur (D:5)
  2 hounds (D:5)
  2 iguanas
  10 gnolls
  6 adders (D:2)
  2 orcs (D:6)
  4 ball pythons
  2 endoplasms (D:1)
  A giant cockroach (D:2)
  2 goblins
  5 hobgoblins
  2 jackals (D:1)
  3 quokkas
  4 bats
  4 frilled lizards
  9 kobolds
  3 rats
64 creatures vanquished.

Vanquished Creatures (others)
  2 jellies
  A hound (D:5)
  Terence (D:3)
  2 adders (D:3)
  A gnoll (D:5)
  An ufetubus (D:5)
  2 orcs
  An endoplasm (D:4)
  2 giant cockroaches
  A hobgoblin (D:4)
  A quokka (D:3)
  3 ball pythons
  A bat (D:3)
  A frilled lizard (D:3)
  2 goblins (D:3)
  A kobold (D:3)
  3 rats
  13 demonic plants (D:1)
  10 fungi (D:1)
  23 plants
  9 withered plants (D:1)
81 creatures vanquished.

Grand Total: 145 creatures vanquished

Notes
Turn   | Place    | Note
-------+----------+-------------------------------------------
     0 | D:1      | dduke234 the Minotaur Monk began the quest for the Orb.
     0 | D:1      | Reached XP level 1. HP: 19/19 MP: 0/0
   475 | D:1      | Found a faded altar of an unknown god.
   528 | D:1      | Prayed at the altar of an unknown god.
   528 | D:1      | Became a worshipper of Jiyva Jenn the Shapeless
   528 | D:1      | Reached * piety under Jiyva
   528 | D:1      | Reached ** piety under Jiyva
   580 | D:1      | Reached skill level 4 in Maces & Flails
   580 | D:1      | Reached XP level 2. HP: 27/27 MP: 1/1
   621 | D:1      | Reached *** piety under Jiyva
   954 | D:2      | Reached skill level 1 in Armour
   987 | D:2      | Reached XP level 3. HP: 33/33 MP: 2/2
  1168 | D:2      | Found a bloodstained altar of Trog.
  1182 | D:2      | Gained mutation: You are covered in slimy tendrils that may
                  | disarm your opponents. [Jiyva's grace]
  1182 | D:2      | Gained mutation: Your system is resistant to poisons.
                  | (rPois) [Jiyva's grace]
  1182 | D:2      | Gained mutation: Your translucent skin slightly reduces
                  | your foes' accuracy. (Stealth+) [Jiyva's grace]
  1182 | D:2      | Gained mutation: Your translucent skin reduces your foes'
                  | accuracy. (Stealth+) [Jiyva's grace]
  1191 | D:2      | Lost mutation: Your system is resistant to poisons. (rPois)
                  | [potion of mutation]
  1191 | D:2      | Lost mutation: Your translucent skin reduces your foes'
                  | accuracy. (Stealth+) [potion of mutation]
  1191 | D:2      | Lost mutation: You are covered in slimy tendrils that may
                  | disarm your opponents. [potion of mutation]
  1191 | D:2      | Gained mutation: You are agile. (Dex +4, Str/Int -1)
                  | [potion of mutation]
  1241 | D:2      | Reached XP level 4. HP: 31/41 MP: 3/3
  1249 | D:2      | Reached skill level 5 in Maces & Flails
  1350 | D:2      | Reached **** piety under Jiyva
  1608 | D:3      | Reached skill level 5 in Fighting
  1611 | D:3      | Reached XP level 5. HP: 48/48 MP: 4/4
  1956 | D:3      | Killed Terence
  2140 | D:3      | Reached ***** piety under Jiyva
  2773 | D:4      | Noticed an ogre
  2787 | D:4      | Killed an ogre
  2788 | D:4      | Reached skill level 6 in Maces & Flails
  2788 | D:4      | Reached XP level 6. HP: 56/56 MP: 5/5
  2861 | D:4      | You fall into a shaft and drop 1 floor!
  2861 | D:5      | Entered Level 5 of the Dungeon
  2867 | D:5      | Gained mutation: Your mind is acute. (Int +4, Str/Dex -1)
                  | [Jiyva's grace]
  2867 | D:5      | Gained mutation: Your mind is very acute. (Int +8, Str/Dex
                  | -2) [Jiyva's grace]
  2867 | D:5      | Gained mutation: You expend magic power (3 MP) to
                  | strengthen your wands. [Jiyva's grace]
  2867 | D:5      | Gained mutation: You have large cloven feet. [Jiyva's
                  | grace]
  2932 | D:5      | Noticed a water moccasin
  2976 | D:5      | Killed a water moccasin
  2977 | D:5      | Reached skill level 7 in Maces & Flails
  3376 | D:5      | Found Beoczyl's Antique Weapon Emporium.
  3508 | D:6      | Noticed an orc warrior
  3513 | D:5      | Reached XP level 7. HP: 54/64 MP: 6/6
  3541 | D:5      | Slain by an orc warrior

Illustrated notes

Levels and vault maps discovered:
D:1:      minmay_arrival_floating_metal, layout_basic,
          shapermc_ecumenical_altar_gd, kennysheep_another_room
D:2:      layout_loops_ring, basic_altar, minmay_3d_cube
D:3:      layout_basic, guppyfry_early_lair_pool, uniq_terence
D:4:      layout_loops_corners, nemelex_diamond_rough_becter,
          okawaru_gym_becter, serial_co_window_serial,
          co_window_of_opportunity_a, co_window_paths_a,
          co_window_of_opportunity_a, co_window_of_opportunity_a,
          co_window_paths_b, co_window_corner_ca, co_window_2corner,
          co_window_2corner, co_window_4corner_a, glass_columns_b,
          glass_columns_a, glass_columns_c, glass_columns_c
D:5:      layout_loops_ring, serial_shops, shop
D:6:      layout_basic, temple_green, uniq_grinder, uniq_edmund

Skill      XL: |  1  2  3  4  5  6 |
---------------+-------------------+-----
Maces & Flails | 4 5 6 7 |  7.7
Fighting       | 4 5 6 |  6.3
Armour         | 1 2 3 |  3.0
Dodging        | |  3.2
Stealth        | |  1.5

Action                   |  1- 3 |  4- 6 |  7- 9 || total
-------------------------+-------+-------+-------++-------
Melee: Mace              |    55 |    89 |    14 ||   158
       Headbutt          |     9 |    20 |     2 ||    31
       Punch             |     1 |       |       ||     1
       Kick              |       |     7 |     4 ||    11
Evoke: Wand              |       |     2 |       ||     2
  Use: Potion            |     5 |       |       ||     5
       Scroll            |     2 |     7 |       ||     9
 Stab: Sleeping          |       |     2 |       ||     2
       Distracted        |       |     1 |       ||     1
Armor: Robe              |    14 |     2 |       ||    16
Dodge: Dodged            |    50 |   185 |    12 ||   247

Table legend: (Time is in decaauts)
 A = Elapsed time spent in this place.
 B = Non-inter-level travel time spent in this place.
 C = Inter-level travel time spent in this place.
 D = Time resting spent in this place.
 E = Time spent auto-exploring this place.
 F = Levels seen in this place.
 G = Mean time per level.
                   A        B        C        D        E       F      G
               +--------+--------+--------+--------+--------+-----+--------+
         Total |   3580 |   3466 |    114 |      0 |   2686 |   6 |  596.7 |
       Dungeon |   3580 |   3466 |    114 |      0 |   2686 |   6 |  596.7 |
               +--------+--------+--------+--------+--------+-----+--------+

Top non-repeatable levels by time:
     D:1: 972 daAuts
     D:3: 915 daAuts
     D:5: 660 daAuts
     D:2: 640 daAuts
     D:4: 368 daAuts
     D:6: 22 daAuts
